 Dungeon Crawl Stone Soup version 0.26-a0-712-ga5a9c9c9d0 (webtiles) character file.

Game seed: 12369396695302362724

264 P0NYSLAYSTATION the Slasher (level 6, -3/56 HPs)
             Began as a Hill Orc Monk on Oct 31, 2020.
             Slain by a sky beast (6 damage)
             ... on level 6 of the Dungeon.
             The game lasted 00:05:04 (1428 turns).

P0NYSLAYSTATION the Slasher (Hill Orc Monk)         Turns: 1428, Time: 00:05:05

Health: -3/56      AC: 10    Str: 16    XL:     6   Next: 19%
Magic:  6/6        EV:  7    Int: 10    God:
Gold:   63         SH:  0    Dex: 13    Spells: 5/5 levels left

rFire    . . .     SeeInvis .   a - +0 falchion
rCold    + . .     Faith    .   (no shield)
rNeg     . . .     Spirit   .   g - +2 chain mail {rC+}
rPois    .         Reflect  .   (no helmet)
rElec    .         Harm     .   (no cloak)
rCorr    .         Rampage  .   (no gloves)
MR       .....                  (no boots)
Stlth    ..........             (no amulet)
HPRegen  0.18/turn              (no ring)
MPRegen  0.10/turn              (no ring)

@: lethally poisoned (-3 -> -34)
A: no striking features
a: no special abilities


You were on level 6 of the Dungeon.
You visited 1 branch of the dungeon, and saw 7 of its levels.

You collected 63 gold pieces.

Inventory:

Hand Weapons
 a - a +0 falchion (weapon)
Missiles
 f - 19 poisoned darts (quivered)
 i - 8 javelins
Armour
 b - a +0 robe
 c - a +0 helmet
 g - a +2 chain mail of cold resistance (worn)
Scrolls
 e - a scroll of remove curse {unknown}
 h - a scroll of enchant armour {unknown}
 j - a scroll of identify {unknown}
Potions
 d - a potion of curing {unknown}


   Skills:
 + Level 5.0 Fighting
 + Level 5.7 Long Blades
 + Level 1.2 Armour
 + Level 3.0 Dodging
 + Level 2.0 Stealth


You had 5 spell levels left.
You didn't know any spells.
Your spell library was empty.

Dungeon Overview and Level Annotations

Branches:
Dungeon (7/15)
 Temple: D:4-7

Altars:

Portals:
Abyss: D:6

Annotations:
D:6 1 transporter, PirateVox's ghost, novice GnFi


Message History

The water moccasin poisons you!
The water moccasin bites you but does no damage.
You feel sick.
There is a stone staircase leading up here.
You feel sick. The water moccasin bites you!
* * * LOW HITPOINT WARNING * * *
You are lethally poisoned!
The water moccasin poisons you! The water moccasin bites you.
* * * LOW HITPOINT WARNING * * *
You are more poisoned.
The water moccasin poisons you!
You climb upwards.
Level annotation: 1 transporter, PirateVox's ghost, novice GnFi A sky beast comes into view.
* * * LOW HITPOINT WARNING * * *
You feel very sick. The sky beast hits you.
* * * LOW HITPOINT WARNING * * *
The sky beast shocks you.
You die...

#.#..#
#x..#
#x^.#..
..##. #
..# # $..
. .. (#.
## #
#.).####
.## # #
#.....@#
..###..
#..#.#.YS#
.......
#...#
#......
(...#
.......
##...#
#......
.....
.......
.....
#.#####
....... ..


You could see a water moccasin and a sky beast.

Vanquished Creatures
  A sky beast (D:6)
  A bullfrog (D:6)
  A jelly (D:6)
  A bullfrog skeleton (D:4)
  A worker ant (D:6)
  A howler monkey skeleton (D:4)
  An adder (D:4)
  2 dart slugs
  A kobold (D:3)
  A quokka (D:5)
  A frilled lizard (D:3)
12 creatures vanquished.

Notes
Turn   | Place    | Note
-------+----------+-------------------------------------------
     0 | D:1      | P0NYSLAYSTATION the Hill Orc Monk began the quest for the
                  | Orb.
     0 | D:1      | Reached XP level 1. HP: 19/19 MP: 1/1
    87 | D:4      | Reached XP level 2. HP: 17/27 MP: 2/2
   172 | D:4      | Reached XP level 3. HP: 22/33 MP: 3/3
   474 | D:5      | Entered Level 5 of the Dungeon
   498 | D:5      | Reached XP level 4. HP: 33/41 MP: 4/4
   821 | D:6      | Noticed a bullfrog
   833 | D:6      | Killed a bullfrog
   833 | D:6      | Reached skill level 5 in Long Blades
   833 | D:6      | Reached XP level 5. HP: 33/47 MP: 5/5
   925 | D:6      | Found a one-way gate to the infinite horrors of the Abyss.
   925 | D:6      | Noticed PirateVox's ghost (novice GnFi)
   930 | D:6      | Noticed a small abomination
   934 | D:6      | Found a transporter.
   934 | D:6      | Noticed a cyan ugly thing
   935 | D:6      | Noticed a small abomination
  1167 | D:6      | Noticed a sky beast
  1183 | D:6      | Killed a sky beast
  1183 | D:6      | Reached skill level 5 in Fighting
  1183 | D:6      | Reached skill level 1 in Armour
  1183 | D:6      | Reached XP level 6. HP: 39/56 MP: 6/6
  1289 | D:7      | Noticed a water moccasin
  1292 | D:6      | Noticed a phantom
  1428 | D:6      | Noticed a sky beast
  1428 | D:6      | Slain by a sky beast

Illustrated notes

Levels and vault maps discovered:
D:1:      dpeg_arrival_castle, layout_basic
D:2:      layout_basic, serial_bayou_lagoon_b
D:3:      layout_rooms, gammafunk_temple_overflow_elements,
          minmay_quadrilaterals, uniq_sigmund
D:4:      kennysheep_big_flooded_room, layout_basic, grunt_temple_overflow_open,
          uniq_menkaure, uniq_ijyb
D:5:      layout_loops_corners, minmay_hedge_maze
D:6:      layout_basic, gammafunk_ghost_abyssal_escape, serial_curves,
          eino_curves_04, eino_curves_04, minmay_misc_feat_columns,
          minmay_manual_mail
D:7:      layout_rooms, minmay_temple_entry_junction_2, serial_shops, shop,
          minmay_manual_mess, uniq_crazy_yiuf_cottage, uniq_pikel

Skill      XL: |  1  2  3  4  5 |
---------------+----------------+-----
Fighting       | 4 5 |  5.0
Long Blades    | 4 5 |  5.7
Armour         | 1 |  1.2
Dodging        | 3 |  3.0
Stealth        | 2 |  2.0

Action                   |  1- 3 |  4- 6 || total
-------------------------+-------+-------++-------
Melee: Falchion          |    46 |    42 ||    88
Throw: Dart              |       |     2 ||     2
  Use: Scroll            |       |     1 ||     1
 Stab: Sleeping          |     1 |       ||     1
Armor: Chain mail        |    24 |    28 ||    52
Dodge: Dodged            |    18 |    16 ||    34
       Rpst.: Falchion   |     5 |     4 ||     9

Table legend: (Time is in decaauts)
 A = Elapsed time spent in this place.
 B = Non-inter-level travel time spent in this place.
 C = Inter-level travel time spent in this place.
 D = Time resting spent in this place.
 E = Time spent auto-exploring this place.
 F = Levels seen in this place.
 G = Mean time per level.
                   A        B        C        D        E       F      G
               +--------+--------+--------+--------+--------+-----+--------+
         Total |   1437 |   1435 |      2 |    488 |    620 |   7 |  205.3 |
       Dungeon |   1437 |   1435 |      2 |    488 |    620 |   7 |  205.3 |
               +--------+--------+--------+--------+--------+-----+--------+

Top non-repeatable levels by time:
     D:6: 746 daAuts
     D:4: 332 daAuts
     D:7: 119 daAuts
     D:5: 91 daAuts
     D:3: 83 daAuts
     D:2: 47 daAuts
     D:1: 16 daAuts
